 Dungeon Crawl Stone Soup version 0.18-a0-1300-g6e8322c (webtiles) character file.

369 Reinor the Archer (level 6, -4/48 HPs)
             Began as a Centaur Hunter on Feb 12, 2016.
             Killed by divine providence
             ... invoked by an orc priest
              (14 damage)
             ... on level 4 of the Dungeon.
             The game lasted 00:12:10 (4591 turns).

Reinor the Archer (Centaur Hunter)                  Turns: 4591, Time: 00:12:10

Health: -4/48      AC:  9    Str: 15    XL:     6   Next: 41%
Magic:  6/6        EV:  4    Int: 10    God:
Gold:   160        SH:  0    Dex: 11    Spells: 0 memorised, 5 levels left

rFire  + . .     SeeInvis .     a - +2 shortbow
rCold  . . .     Gourm    .     d - +2 chain mail {rF+}
rNeg   . . .     Faith    .     (shield currently unavailable)
rPois  .         Spirit   .     (no helmet)
rElec  .         Dismiss  .     (no cloak)
rCorr  .         Reflect  .     (no gloves)
SustAt .         Harm     .     (no barding)
MR     .....     Rnd*Tele +     (no amulet)
Stlth  ..........               (no ring)
                                t - ring of teleportation (curse)

@: very quick, not resistant to hostile enchantments, extremely unstealthy
A: hooves 3, deformed body, speed 2, tough skin 3
a: no special abilities


You were on level 4 of the Dungeon.
You were hungry.

You visited 1 branch of the dungeon, and saw 4 of its levels.

You collected 160 gold pieces.

Inventory:

Hand Weapons
 a - a +2 shortbow (weapon)
 b - a +0 short sword
Missiles
 p - 15 arrows (quivered)
Armour
 d - a +2 chain mail of fire resistance (worn)
Jewellery
 t - a cursed ring of teleportation (left hand)
Scrolls
 c - 2 scrolls of blinking
 e - 2 scrolls of teleportation
 g - 2 scrolls of recharging
 o - a scroll of fear
 q - a scroll of enchant armour
 r - a scroll of enchant weapon
Potions
 j - a potion of lignification
 k - 2 potions of curing
 l - 2 potions of ambrosia {unknown}
 m - 2 potions of cancellation
 n - a potion of brilliance {unknown}
 u - a potion of heal wounds
 v - 2 potions of agility
Books
 h - a book of Dreams

   Spells                             Type                      Level
   a - Ensorcelled Hibernation        Hexes/Ice                    2
   b - Silence                        Hexes/Air                    5
   c - Darkness                       Hexes                        6
   d - Mass Confusion                 Hexes                        6
   e - Shadow Creatures               Summoning                    6
Comestibles
 f - 6 bread rations


   Skills:
 + Level 2.0 Fighting
 - Level 10.0 Bows
 - Level 1.3 Dodging
 - Level 1.0 Stealth


You had 5 spell levels left.
You didn't know any spells.

Dungeon Overview and Level Annotations

Branches:
Dungeon (4/15)
 Temple: D:4-7

Altars:
Nemelex Xobeh
Trog


Innate Abilities, Weirdness & Mutations

You have hooves in place of feet.
Armour fits poorly on your strangely shaped body.
You cover ground very quickly.
You have extremely tough skin (AC +3).


Message History

Firing (i - inventory):
p - 17 arrows (quivered)
Press: ? - help, Shift-Dir - straight line, f/p - giant cockroach
Aim: a giant cockroach (moderately wounded, clinging)
You shoot an arrow. The arrow hits the giant cockroach.
The giant cockroach is severely wounded.
Firing (i - inventory):
p - 16 arrows (quivered)
Press: ? - help, Shift-Dir - straight line, f/p - giant cockroach
Aim: a giant cockroach (severely wounded, clinging)
You shoot an arrow.
The arrow barely misses the giant cockroach.
Firing (i - inventory):
p - 15 arrows (quivered)
Press: ? - help, Shift-Dir - straight line, f/p - giant cockroach
Aim: a giant cockroach (severely wounded, clinging)
You shoot an arrow. The arrow hits the giant cockroach.
You kill the giant cockroach!
p - 15 arrows (gained 1)
You see here a giant cockroach corpse.
The orc priest calls down the wrath of Beogh upon you.
Something smites you!
You die...

#..#.##### .##+ ######. ##..#.#
#( #..... ##...#.# ### ##.....
##......###.###### #.####.
#................# ### #.# #.
##...............# ##.# ##.####.
##...#.......†#.####..###.......
##.######.##..###...s.....####.
## #.....@#.....###..####.
####.##((o............[
#.##.##)............
#..............#####
################


You could see an orc priest.

Vanquished Creatures
  A hound (D:4)
  An orc priest (D:4)
  2 orc wizards (D:4)
  Natasha (twice) (D:2)
  A worker ant (D:4)
  4 gnolls (D:2)
  2 adders (D:2)
  2 oozes (D:1)
  4 worms
  2 giant geckos
  14 orcs
  3 ball pythons
  4 giant cockroaches
  9 goblins
  6 hobgoblins
  4 jackals
  A quokka (D:3)
  10 bats
  3 giant newts (D:1)
  12 kobolds
  6 rats
93 creatures vanquished.

Notes
Turn   | Place    | Note
--------------------------------------------------------------
     0 | D:1      | Reinor the Centaur Hunter began the quest for the Orb.
     0 | D:1      | Reached XP level 1. HP: 17/17 MP: 1/1
   319 | D:1      | Reached skill level 1 in Stealth
   319 | D:1      | Reached XP level 2. HP: 16/24 MP: 2/2
   424 | D:1      | Reached skill level 6 in Bows
   893 | D:1      | Reached XP level 3. HP: 7/29 MP: 3/3
  1457 | D:2      | Reached skill level 7 in Bows
  1906 | D:2      | Reached XP level 4. HP: 31/36 MP: 4/4
  2567 | D:2      | Found a bloodstained altar of Trog.
  2710 | D:2      | Reached skill level 8 in Bows
  2844 | D:2      | Noticed Natasha
  2854 | D:2      | Killed Natasha
  2854 | D:2      | Reached XP level 5. HP: 27/41 MP: 5/5
  3009 | D:2      | Noticed Natasha
  3025 | D:2      | Killed Natasha
  3677 | D:3      | Found a sparkling altar of Nemelex Xobeh.
  3678 | D:3      | Reached skill level 9 in Bows
  4108 | D:4      | Reached XP level 6. HP: 17/48 MP: 6/6
  4549 | D:4      | Reached skill level 10 in Bows
  4591 | D:4      | Killed from afar by an orc priest

Vault maps used:
D:1:      sevenhm_arrival_forest_fort_large_4
D:2:      lemuel_crystal_altar, uniq_natasha
D:3:      marbit_many_paths
D:4:      first_bread, grunt_ministairs_4

Action                   |  1- 3 |  4- 6 || total
-------------------------+-------+-------++-------
Melee: Short sword       |   104 |    35 ||   139
 Fire: Shortbow          |    28 |   189 ||   217
  Use: Scroll            |     2 |    13 ||    15
  Eat: Chunk             |     2 |     6 ||     8
